 Dungeon Crawl Stone Soup version 0.30-a0-310-g7d6cbdfea6 (webtiles) character file.

Game seed: 6780346316429834663

9 IdlyInterested the Insei (level 2, 0/22 HPs)
             Began as a Demonspawn Wanderer on Oct 24, 2022.
             Engulfed by a cloud of flame (22 damage)
             ... on level 1 of the Dungeon.
             The game lasted 00:01:30 (447 turns).

IdlyInterested the Insei (Demonspawn Wanderer)       Turns: 447, Time: 00:01:30

Health: 0/22       AC:  3    Str: 11    XL:     2   Next: 3%
Magic:  3/3        EV: 11    Int: 10    God:
Gold:   13         SH:  0    Dex: 16    Spells: 3/3 levels left

rFire   . . .      SeeInvis .    a - +0 short sword
rCold   . . .      Faith    .    (no shield)
rNeg    . . .      Spirit   .    f - +0 leather armour
rPois   .          Reflect  .    (helmet restricted)
rElec   .          Harm     .    (no cloak)
rCorr   .          Rampage  .    (no gloves)
Will    .....                    (no boots)
Stlth   +.........               g - amulet of magic regeneration
HPRegen 0.23/turn                (no ring)
MPRegen 0.48/turn                (no ring)

@: no status effects
A: horns 1
a: no special abilities


You were on level 1 of the Dungeon.
You visited 1 branch of the dungeon, and saw 1 of its levels.

You collected 13 gold pieces.

Inventory:

Hand Weapons
 a - a +0 short sword (weapon)
Armour
 f - a +0 leather armour (worn)
 m - a +0 buckler
Jewellery
 g - an amulet of magic regeneration (around neck)
Scrolls
 c - a scroll of blinking
 e - a scroll of fog
 h - a scroll of enchant armour {unknown}
 i - a scroll of identify {unknown}
 k - a scroll of fear {unknown}
Potions
 b - a potion of brilliance
 j - a potion of flight {unknown}
 l - a potion of heal wounds {unknown}
Miscellaneous
 d - a piece from Xom's chessboard (15/15) (quivered)


   Skills:
 * Level 1.7 Fighting
 - Level 1.0 Short Blades
 + Level 1.0 Dodging
 - Level 4.5 Unarmed Combat
 - Level 1.0 Spellcasting
 - Level 2.0 Evocations


You had 3 spell levels left.
You didn't know any spells.
Your spell library was empty.

Dungeon Overview and Level Annotations

Branches:
Dungeon (1/15)

Altars:


Innate Abilities, Weirdness & Mutations

You have a pair of small horns on your head.


Message History

You kill the quokka!
A kobold comes into view. It is wielding a +0 club.
Found a stone staircase leading down.
A ball python comes into view.
The ball python hisses angrily.
The kobold shouts!
The kobold hits you but does no damage.
You hit the kobold but do no damage. The kobold barely misses you.
You hit the ball python.
The ball python is moderately wounded.
The ball python barely misses you. The ball python grabs you.
The ball python constricts you. The ball python completely misses you.
The ball python constricts you.
You hit the ball python.
You kill the ball python!
You punch the kobold!
You kill the kobold!
You see here a +0 club.
A ball python comes into view.
The ball python bites you but does no damage.
The ball python grabs you. The ball python constricts you.
The ball python closely misses you. The ball python constricts you.
You hit the ball python.
You kill the ball python!
You have reached level 2!
Your demonic ancestry asserts itself...
A pair of horns grows on your head!
a - a +0 short sword (weapon)
You see here a ball python corpse.
There is a fountain of clear blue water here.
There is a faded altar of an unknown god here.
Found a stone staircase leading down.
Found a buckler.
You see here a +0 buckler.
m - a +0 buckler
There is a stone staircase leading down here.
Really walk into a travel-excluded area?
Found 12 gold pieces.
You are engulfed in blazing flames.
Ouch! That really hurt!
You die...

#.....###.# #..#
#.####
#......##.# #..#
#.....
###...########.#
#.#### #§§☼#
#....#####.#
#.☼°#
#.##.......#
#§§§#
#.#####.##.####
##...#####.#
#.##.....
..$$...§§..#
#........
§.....§@§..#
#########
...!...§○.##
##...###### #§§
#§ #


There were no monsters in sight!

Vanquished Creatures
  2 ball pythons (D:1)
  A goblin (D:1)
  A hobgoblin (D:1)
  A quokka (D:1)
  A frilled lizard (D:1)
  A kobold (D:1)
  A rat (D:1)
8 creatures vanquished.

Notes
Turn   | Place    | Note
-------+----------+-------------------------------------------
     0 | D:1      | IdlyInterested the Demonspawn Wanderer began the quest for
                  | the Orb.
     0 | D:1      | IdlyInterested set off with the following items: a +0 short
                  | sword, a potion of brilliance, a scroll of blinking, a
                  | piece from Xom's chessboard (15/15), a scroll of fog, a +0
                  | leather armour.
     0 | D:1      | Reached XP level 1. HP: 13/13 MP: 2/2
     6 | D:1      | Noticed a black mamba
    17 | D:1      | Noticed an eight-headed hydra
   152 | D:1      | Found a faded altar of an unknown god.
   156 | D:1      | Reached skill level 1 in Fighting
   261 | D:1      | Gained mutation: You have a pair of small horns on your
                  | head. [demonic ancestry]
   261 | D:1      | Reached XP level 2. HP: 21/22 MP: 3/3
   447 | D:1      | Engulfed by a cloud of flame

Illustrated notes

Levels and vault maps discovered:
D:1:      sevenhm_arrival_forest_fort_small_2, layout_loops_ring,
          hellmonk_ecumenical_altar_crossroads, nicolae_shop_unique_rings,
          minmay_statues_item, lemuel_flame_loot_1

Skill      XL: |  1 |
---------------+----+-----
Fighting       | 1 |  1.7
Short Blades   | |  1.0
Dodging        | |  1.0
Unarmed Combat | |  4.5
Spellcasting   | |  1.0
Evocations     | |  2.0

Action                   || total
-------------------------++-------
Melee: Unarmed           ||    16
Armor: Leather armour    ||     3
Dodge: Dodged            ||     7

Table legend: (Time is in decaauts)
 A = Elapsed time spent in this place.
 B = Non-inter-level travel time spent in this place.
 C = Inter-level travel time spent in this place.
 D = Time resting spent in this place.
 E = Time spent auto-exploring this place.
 F = Levels seen in this place.
 G = Mean time per level.
                   A        B        C        D        E       F      G
               +--------+--------+--------+--------+--------+-----+--------+
         Total |    444 |    444 |      0 |     19 |    318 |   1 |  444.0 |
       Dungeon |    444 |    444 |      0 |     19 |    318 |   1 |  444.0 |
               +--------+--------+--------+--------+--------+-----+--------+

Top non-repeatable levels by time:
     D:1: 444 daAuts
